 Dungeon Crawl Stone Soup version 0.31-a0-232-gb1c03b2570 (webtiles) character file.

Game seed: 15942476861206752509

11543 qw the Skirmisher (level 11, -7/99 HPs)
             Began as a Minotaur Hexslinger on July 7, 2023.
             Was an Elder of Okawaru.
             Mangled by a skeletal warrior
             ... wielding a +0 hand axe of electrocution
              (11 damage)
             ... on level 14 of the Dungeon.
             The game lasted 00:05:28 (9640 turns).

qw the Skirmisher (Minotaur Hexslinger)             Turns: 9640, Time: 00:05:28

Health: -7/99      AC: 20    Str: 13    XL:     11   Next: 50%
Magic:  15/15      EV: 21    Int:  8    God:    Okawaru [****..]
Gold:   431        SH:  0    Dex: 17    Spells: 11/12 levels left

rFire   + . .        Y - +2 orcbow
rCold   + + +        (shield currently unavailable)
rNeg    . . .        b - +5 ring mail "Dubuhotu" {rC+}
rPois   +            (helmet unavailable)
rElec   .            o - +0 cloak
rCorr   .            c - +2 pair of gloves
SInv    +            h - +2 pair of boots
Will    .....        q - amulet of regeneration
Stlth   ++           s - ring "Zuozxoic" {rPois rC++ EV+5 Slay-6 SInv}
HPRegen 1.16/turn    f - ring of protection from fire
MPRegen 0.14/turn

%: no passive effects
@: about to teleport, heroic
A: horns 3, retaliatory headbutt, dopey 1, mutation resistance 1
a: Renounce Religion, Heroism, Finesse


You were on level 14 of the Dungeon.
You worshipped Okawaru.
Okawaru was greatly pleased with you.
You visited 2 branches of the dungeon, and saw 13 of its levels.
You also visited: Sewer.

You collected 620 gold pieces.
You spent 189 gold pieces at shops.


Innate Abilities, Weirdness & Mutations

You have a pair of large horns on your head.
You reflexively headbutt those who attack you in melee.
You are dopey. (Int -2)
You are somewhat resistant to further mutation.


   Skills:
 - Level 10.0(15.0) Fighting
 + Level 14.4(19.4) Ranged Weapons
 - Level 5.1(10.1) Armour
 - Level 6.0(11.0) Dodging
 - Level 1.0 Spellcasting
 - Level 2.0 Hexes
 + Level 7.0 Invocations


You had 11 spell levels left.
You knew the following spells:

 Your Spells              Type           Power      Damage    Failure   Level
a - Slow                  Hex            12%        N/A       32%         1

Your spell library contained the following spells:

 Spells                   Type           Power      Damage    Failure   Level
 Inner Flame              Hex/Fire       2%         N/A       82%         3
 Portal Projectile        Hex/Tloc       4%         N/A       82%         3
 Cause Fear               Hex            1%         N/A       97%         4

Inventory:

Hand Weapons
 Y - a +2 orcbow (weapon)
Armour
 b - the +5 ring mail "Dubuhotu" (worn) {rC+}
   (You took it off a goblin on level 2 of the Dungeon)

   rC:        It protects you from cold.
 c - a +2 pair of gloves (worn)
 h - a +2 pair of boots (worn)
 o - a +0 cloak (worn)
Jewellery
 a - a ring of poison resistance
 f - a ring of protection from fire (right hand)
 i - a ring of see invisible
 q - an amulet of regeneration (around neck)
 s - the ring "Zuozxoic" (left hand) {rPois rC++ EV+5 Slay-6 SInv}
   (You found it on level 8 of the Dungeon)

   [ring of evasion]

   EV:        It affects your evasion (+5).
   Slay:      It affects your accuracy & damage with ranged weapons and melee
   (-6).
   rC:        It greatly protects you from cold.
   rPois:     It protects you from poison.
   SInv:      It lets you see invisible.
 t - a ring of willpower
Scrolls
 j - 5 scrolls of identify
Potions
 g - 3 potions of might
 k - 3 potions of enlightenment
 l - 4 potions of cancellation
 m - 4 potions of curing
 n - a potion of magic {unknown}
 p - 3 potions of mutation

Dungeon Overview and Level Annotations

Branches:
Dungeon (11/15)            Temple (1/1) D:6            Lair (0/5) D:11
    Orc (0/2) D:10          Sewer (visited)

Altars:
Ashenzari
Cheibriados
Dithmenos
Elyvilon
Fedhas
Gozag
Hepliaklqana
Kikubaaqudgha
Makhleb
Nemelex Xobeh
Okawaru
Qazlal
Ru
Sif Muna
Trog
Uskayaw
Vehumet
Wu Jian
Xom
Yredelemnul
Zin
The Shining One

Shops:
D:3 (   D:5 !   D:9 *

Annotations:
D:14 Azrael


Message History

Azrael burns you.
9634 ||| READING 2 scrolls of teleportation.
As you read the scroll of teleportation, it crumbles to dust.
You feel strangely unstable.
The centaur warrior hits you but does no damage.
The centaur warrior barely misses you. The fire elemental hits you.
The fire elemental burns you! You resist. Azrael barely misses you.
The centaur warrior misses you. The centaur warrior barely misses you.
You shoot an arrow. The arrow hits the centaur warrior.
The centaur warrior is severely wounded.
The fire elemental completely misses you.
You furiously retaliate!
You headbutt the fire elemental.
The centaur warrior hits you but does no damage.
The centaur warrior kicks you but does no damage.
You shoot an arrow.
The arrow hits the centaur warrior but does no damage.
The centaur warrior is severely wounded.
Azrael barely misses you. The fire elemental hits you.
The fire elemental burns you! You resist. The centaur warrior hits you.
The centaur warrior kicks you but does no damage.
You shoot an arrow. The arrow hits the centaur warrior!
You kill the centaur warrior!
Okawaru accepts your kill.
Your surroundings suddenly seem different. 2 skeletal warriors come into view.
A skeletal warrior is wielding a +0 hand axe of electrocution.
Found 15 gold pieces.
Found an escape hatch in the ceiling.
Your Invocations skill increases to level 7!
You shoot an arrow. The arrow hits the skeletal warrior.
The skeletal warrior is lightly damaged.
A skeletal warrior comes into view. It is wielding a +0 dire flail.
9639 ||| READING scroll of teleportation.
As you read the scroll of teleportation, it crumbles to dust.
You feel strangely unstable.
You shoot an arrow. The arrow hits the skeletal warrior!
The skeletal warrior is lightly damaged.
A skeletal warrior comes into view. It is wielding a +0 trident.
The skeletal warrior hits you with a +0 hand axe of electrocution.
You are electrocuted!
You die...

...##. ...#
.^... ... ....
..# ...#..#
..<..# #.
z...#
#...##...#
#.z..z@..#
......##.....#
###.# ..#...#
$. .## #.. #
.# # .. .. ##


You could see 3 skeletal warriors.

Vanquished Creatures
  A centaur warrior (D:14)
  3 two-headed ogres
  A manticore (D:11)
  A gargoyle (D:11)
  A komodo dragon (D:11)
  2 hornets
  Prince Ribbit (D:9)
  A vampire (D:10)
  14 yaks (D:10)
  3 wyverns
  2 shadows
  2 fire elementals (D:14)
  Grum (D:9)
  3 steam dragons
  2 hell hounds (D:14)
  Pargi (Sewer)
  A black bear (D:4)
  3 orc warriors
  3 ice beasts
  An ogre (D:5)
  2 wolves (D:9)
  4 centaurs
  A phantom (D:5)
  A kobold brigand (D:9)
  2 gnoll sergeants
  10 wights (D:8)
  5 scorpions
  9 killer bees
  2 vampire bats (D:4)
  2 howler monkeys (D:7)
  2 jellies
  5 orc priests
  2 hounds (D:6)
  2 sleepcaps
  3 iguanas
  15 orc wizards
  15 gnolls
  16 adders
  2 shadow imps
  A white imp (D:6)
  An ufetubus (D:5)
  2 worms (D:4)
  4 dart slugs
  34 orcs
  15 bats
  6 endoplasms
  11 giant cockroaches
  11 hobgoblins
  3 quokkas
  6 ball pythons
  3 frilled lizards
  6 goblins
  13 kobolds
  7 rats
270 creatures vanquished.

Vanquished Creatures (others)
  2 orcs (D:11)
2 creatures vanquished.

Grand Total: 272 creatures vanquished

Notes
Turn   | Place    | Note
-------+----------+-------------------------------------------
     0 | D:1      | qw the Minotaur Hexslinger began the quest for the Orb.
     0 | D:1      | Reached XP level 1. HP: 16/16 MP: 1/1
     0 | D:1      | 0 ||| qw: Version: 0.3-a-46-gb1f654a
     0 | D:1      | 0 ||| qw: Game counter: 2693
     0 | D:1      | 0 ||| qw: Melee chars always use a shield: true
     0 | D:1      | 0 ||| qw: God list: Okawaru
     0 | D:1      | 0 ||| qw: Allow faded altars: false
     0 | D:1      | 0 ||| qw: Do Orc after clearing Dungeon:15 true
     0 | D:1      | 0 ||| qw: Do second Lair branch before Depths: true
     0 | D:1      | 0 ||| qw: Lair rune preference: random
     0 | D:1      | 0 ||| qw: Goals: Normal
     0 | D:1      | 0 ||| PLANNING D:1-11
    99 | D:1      | Reached skill level 3 in Ranged Weapons
    99 | D:1      | Reached XP level 2. HP: 23/23 MP: 2/2
   352 | D:1      | Reached XP level 3. HP: 29/29 MP: 3/3
   730 | D:1      | 730 ||| UPGRADING to ring of poison resistance.
   731 | D:1      | 731 ||| READING scroll labelled JAARRUONOIX.
   732 | D:1      | 732 ||| READING scroll labelled JAFANY JE CAGE.
   735 | D:1      | 735 ||| READING scroll labelled SIREIS XENGONK.
   736 | D:1      | 736 ||| READING scroll labelled ZAYPREMISI.
   737 | D:1      | 737 ||| DROPPING scroll of poison.
   757 | D:2      | 757 ||| STAIRDANCE
   765 | D:1      | Reached skill level 4 in Ranged Weapons
   889 | D:2      | Found a hide-covered altar of Uskayaw.
   899 | D:2      | Identified the +3 great sword "Impslayer" {spect, Fly rN+
                  | Int-5}
   920 | D:2      | Identified the +5 ring mail "Dubuhotu" {rC+}
  1291 | D:2      | Reached XP level 4. HP: 36/36 MP: 4/4
  1729 | D:2      | 1729 ||| UPGRADING to +5 ring mail "Dubuhotu" {rC+}.
  1739 | D:2      | 1739 ||| DROPPING +0 robe.
  1740 | D:2      | 1740 ||| UPGRADING to +0 pair of boots.
  1745 | D:2      | 1745 ||| READING scroll labelled DAANUT JONLU.
  1746 | D:2      | 1746 ||| READING scroll labelled XOOSEPUMERUF.
  1747 | D:2      | 1747 ||| READING scroll labelled GIEGGIDAOLL.
  1748 | D:2      | 1748 ||| DRINKING 2 cyan potions.
  1879 | D:3      | Reached skill level 1 in Armour
  1977 | D:3      | Found Irishrauc's Weapon Shop.
  1985 | D:3      | 1985 ||| BUYING +0 shortbow (33 gold).
  1985 | D:3      | Bought a +0 shortbow for 33 gold pieces
  1985 | D:3      | 1985 ||| SWAPPING to +0 shortbow.
  1986 | D:3      | 1986 ||| DROPPING +2 sling.
  2087 | D:3      | Reached skill level 5 in Ranged Weapons
  2105 | D:3      | Reached XP level 5. HP: 33/44 MP: 5/5
  2241 | D:3      | 2241 ||| READING scroll labelled DOWAYX PI UMM.
  2316 | D:3      | 2316 ||| DRINKING 2 bubbling green potions.
  2317 | D:3      | 2317 ||| DROPPING potion of attraction.
  2333 | D:4      | Reached skill level 3 in Fighting
  2533 | D:4      | 2533 ||| Stepping ~*~*~tactically~*~*~ (outnumbered).
  2534 | D:4      | 2534 ||| Stepping ~*~*~tactically~*~*~ (outnumbered).
  2549 | D:4      | HP: 8/45 [gnoll/+0 spear (6)]
  2550 | D:4      | 2550 ||| READING 3 scrolls of teleportation.
  2818 | D:4      | Found a stormy altar of Qazlal.
  2934 | D:4      | Reached skill level 6 in Ranged Weapons
  2934 | D:4      | Reached XP level 6. HP: 51/51 MP: 6/6
  3056 | D:4      | 3056 ||| READING scroll of enchant armour.
  3056 | D:4      | 3056 ||| ENCHANTING +0 pair of boots.
  3119 | D:4      | Reached skill level 7 in Ranged Weapons
  3125 | D:4      | 3125 ||| FLEEEEING.
  3126 | D:4      | 3126 ||| FLEEEEING.
  3127 | D:4      | 3127 ||| FLEEEEING.
  3128 | D:4      | 3128 ||| FLEEEEING.
  3147 | D:4      | 3147 ||| FLEEEEING.
  3148 | D:4      | 3148 ||| FLEEEEING.
  3149 | D:4      | 3149 ||| FLEEEEING.
  3150 | D:4      | 3150 ||| STAIRDANCE
  3168 | D:3      | 3168 ||| UPGRADING to ring of willpower.
  3169 | D:3      | 3169 ||| READING scroll labelled ADWOHAS HECA.
  3351 | D:5      | Entered Level 5 of the Dungeon
  3352 | D:5      | 3352 ||| PLANNING SEWER
  3370 | D:5      | Identified the +4 flail of Bedazzling Doom {venom, *Slow
                  | rC+ Str+2}
  3480 | D:5      | Reached XP level 7. HP: 36/59 MP: 7/7
  3584 | D:5      | Found a glowing drain.
  3670 | Sewer    | Entered a sewer
  3724 | Sewer    | Noticed Pargi
  3740 | Sewer    | Killed Pargi
  3741 | Sewer    | Reached skill level 8 in Ranged Weapons
  3857 | Sewer    | 3857 ||| READING scroll of enchant armour.
  3857 | Sewer    | 3857 ||| ENCHANTING +1 pair of boots.
  3858 | Sewer    | 3858 ||| DRINKING 2 orange potions.
  3859 | Sewer    | 3859 ||| DROPPING potion of degeneration.
  3875 | D:5      | 3875 ||| PLANNING D:1-11
  3955 | D:5      | 3955 ||| FLEEEEING.
  3959 | D:5      | 3959 ||| STAIRDANCE
  4133 | D:5      | Found Wipp's Distillery.
  4154 | D:5      | 4154 ||| BUYING 2 potions of enlightenment (120 gold).
  4154 | D:5      | Bought 2 potions of enlightenment for 120 gold pieces
  4154 | D:5      | 4154 ||| BUYING potion of curing (36 gold).
  4154 | D:5      | Bought a potion of curing for 36 gold pieces
  4154 | D:5      | 4154 ||| SHOPLISTING potion of curing (36 gold, have 27).
  4154 | D:5      | 4154 ||| SHOPLISTING potion of enlightenment (60 gold, have
                  | 27).
  4154 | D:5      | 4154 ||| SHOPLISTING potion of heal wounds (60 gold, have
                  | 27).
  4295 | D:5      | 4295 ||| Stepping ~*~*~tactically~*~*~ (outnumbered).
  4607 | D:5      | Reached XP level 8. HP: 68/68 MP: 8/8
  4813 | D:5      | 4813 ||| UPGRADING to +0 pair of gloves.
  4864 | D:6      | HP: 15/68 [steam dragon (3)]
  4865 | D:6      | 4865 ||| READING 3 scrolls of teleportation.
  4867 | D:6      | Reached skill level 9 in Ranged Weapons
  4867 | D:6      | 4867 ||| Stepping ~*~*~tactically~*~*~ (cloud).
  4868 | D:6      | 4868 ||| Stepping ~*~*~tactically~*~*~ (cloud).
  4883 | D:6      | 4883 ||| FLEEEEING.
  4884 | D:6      | 4884 ||| FLEEEEING.
  4885 | D:6      | 4885 ||| FLEEEEING.
  4888 | D:6      | 4888 ||| FLEEEEING.
  4889 | D:6      | 4889 ||| FLEEEEING.
  4891 | D:6      | 4891 ||| FLEEEEING.
  4892 | D:6      | 4892 ||| FLEEEEING.
  4894 | D:6      | 4894 ||| STAIRDANCE
  5155 | D:6      | Reached skill level 6 in Fighting
  5194 | D:6      | Found a sparkling altar of Nemelex Xobeh.
  5231 | D:6      | Reached skill level 3 in Dodging
  5278 | D:6      | Found a sacrificial altar of Ru.
  5330 | D:6      | Found a staircase to the Ecumenical Temple.
  5331 | D:6      | 5331 ||| PLANNING TEMPLE
  5339 | Temple   | Entered the Ecumenical Temple
  5340 | Temple   | 5340 ||| PLANNING OKAWARU WORSHIP
  5507 | Temple   | Became a worshipper of Warmaster Okawaru
  5508 | Temple   | 5508 ||| PLANNING D:1-11
  5541 | D:6      | 5541 ||| Stepping ~*~*~tactically~*~*~ (outnumbered).
  5603 | D:6      | Found a hide-covered altar of Uskayaw.
  5776 | D:6      | 5776 ||| READING 2 scrolls of identify.
  5776 | D:6      | 5776 ||| IDENTIFYING coppery potion
  5777 | D:6      | 5777 ||| DROPPING potion of invisibility.
  5823 | D:7      | 5823 ||| STAIRDANCE
  5832 | D:6      | Reached skill level 10 in Ranged Weapons
  5878 | D:7      | 5878 ||| STAIRDANCE
  5887 | D:6      | Reached skill level 3 in Armour
  6032 | D:7      | 6032 ||| FLEEEEING.
  6033 | D:7      | 6033 ||| FLEEEEING.
  6034 | D:7      | 6034 ||| FLEEEEING.
  6035 | D:7      | 6035 ||| FLEEEEING.
  6036 | D:7      | 6036 ||| FLEEEEING.
  6037 | D:7      | 6037 ||| FLEEEEING.
  6038 | D:7      | 6038 ||| FLEEEEING.
  6039 | D:7      | 6039 ||| FLEEEEING.
  6240 | D:7      | Reached XP level 9. HP: 79/79 MP: 9/9
  6411 | D:7      | Reached * piety under Okawaru
  6438 | D:7      | Identified the +4 mace of the Spinneret {freeze, Dex+2
                  | Stlth+}
  6629 | D:7      | 6629 ||| UPGRADING to +0 cloak.
  6634 | D:7      | 6634 ||| UPGRADING to amulet of regeneration.
  6639 | D:7      | 6639 ||| UPGRADING to ring of protection from fire.
  6641 | D:7      | 6641 ||| DRINKING 2 red potions.
  6641 | D:7      | Gained mutation: You have a pair of large horns on your
                  | head. [potion of mutation]
  6641 | D:7      | Gained mutation: You are dopey. (Int -2) [potion of
                  | mutation]
  6641 | D:7      | Gained mutation: You are somewhat resistant to further
                  | mutation. [potion of mutation]
  6707 | D:8      | Reached skill level 1 in Invocations
  6722 | D:8      | 6722 ||| INVOKING Heroism.
  6766 | D:8      | 6766 ||| SWAPPING to +0 orcbow.
  6767 | D:8      | 6767 ||| DROPPING +0 shortbow.
  6782 | D:8      | Identified the ring "Zuozxoic" {rPois rC++ EV+5 Slay-6
                  | SInv}
  6834 | D:8      | 6834 ||| INVOKING Heroism.
  6937 | D:8      | Reached skill level 11 in Ranged Weapons
  6948 | D:8      | 6948 ||| INVOKING Heroism.
  6950 | D:8      | HP: 14/77 [wight/+5 battleaxe (10)]
  6951 | D:8      | 6951 ||| READING 2 scrolls of teleportation.
  7111 | D:8      | Reached skill level 3 in Invocations
  7146 | D:8      | Found a basalt altar of Yredelemnul.
  7294 | D:8      | 7294 ||| INVOKING Heroism.
  7616 | D:8      | 7616 ||| UPGRADING to ring of see invisible.
  7618 | D:8      | 7618 ||| UPGRADING to ring "Zuozxoic" {rPois rC++ EV+5
                  | Slay-6 SInv}.
  7620 | D:8      | 7620 ||| REMOVING ring of see invisible.
  7621 | D:8      | 7621 ||| UPGRADING to ring of willpower.
  7622 | D:8      | 7622 ||| UPGRADING to ring of protection from fire.
  7624 | D:8      | 7624 ||| READING 2 scrolls of identify.
  7624 | D:8      | 7624 ||| IDENTIFYING fuming sapphire potion
  7625 | D:8      | 7625 ||| DROPPING potion of brilliance.
  7632 | D:9      | Noticed a two-headed ogre
  7633 | D:9      | 7633 ||| INVOKING Heroism.
  7640 | D:9      | Killed a two-headed ogre
  7641 | D:9      | Reached skill level 12 in Ranged Weapons
  7664 | D:9      | 7664 ||| STAIRDANCE
  7670 | D:8      | Reached XP level 10. HP: 83/88 MP: 12/12
  7772 | D:9      | 7772 ||| INVOKING Heroism.
  7776 | D:9      | Reached ** piety under Okawaru
  7884 | D:9      | Noticed Grum
  7885 | D:9      | 7885 ||| INVOKING Heroism.
  7909 | D:9      | Killed Grum
  7979 | D:9      | 7979 ||| READING scroll of enchant armour.
  7979 | D:9      | 7979 ||| ENCHANTING +0 pair of gloves.
  8029 | D:9      | 8029 ||| INVOKING Heroism.
  8106 | D:9      | 8106 ||| Stepping ~*~*~tactically~*~*~ (outnumbered).
  8108 | D:9      | Noticed Prince Ribbit
  8109 | D:9      | 8109 ||| Stepping ~*~*~tactically~*~*~ (outnumbered).
  8131 | D:9      | Killed Prince Ribbit
  8154 | D:9      | 8154 ||| INVOKING Heroism.
  8199 | D:9      | Found Ipeugod's Overcharged Wands.
  8208 | D:9      | 8208 ||| SHOPLISTING wand of digging (11) (693 gold, have
                  | 268).
  8305 | D:9      | 8305 ||| READING 2 scrolls of identify.
  8305 | D:9      | 8305 ||| IDENTIFYING silvery potion
  8317 | D:10     | Entered Level 10 of the Dungeon
  8323 | D:10     | Reached skill level 13 in Ranged Weapons
  8359 | D:10     | Found a shimmering blue altar of Sif Muna.
  8391 | D:10     | 8391 ||| INVOKING Heroism.
  8399 | D:10     | Reached skill level 9 in Fighting
  8410 | D:10     | Reached *** piety under Okawaru
  8426 | D:10     | HP: 20/91 [yak (10)]
  8427 | D:10     | 8427 ||| READING 2 scrolls of teleportation.
  8430 | D:10     | Noticed a two-headed ogre
  8431 | D:10     | 8431 ||| FLEEEEING.
  8432 | D:10     | 8432 ||| FLEEEEING.
  8433 | D:10     | 8433 ||| FLEEEEING.
  8434 | D:10     | 8434 ||| FLEEEEING.
  8435 | D:10     | 8435 ||| FLEEEEING.
  8436 | D:10     | 8436 ||| STAIRDANCE
  8495 | D:10     | 8495 ||| INVOKING Heroism.
  8514 | D:10     | Killed a two-headed ogre
  8515 | D:10     | Reached skill level 14 in Ranged Weapons
  8524 | D:10     | Found a staircase to the Orcish Mines.
  8544 | D:10     | Noticed a two-headed ogre
  8545 | D:10     | 8545 ||| INVOKING Heroism.
  8564 | D:10     | Killed a two-headed ogre
  8564 | D:10     | Reached **** piety under Okawaru
  8565 | D:10     | Reached XP level 11. HP: 72/99 MP: 13/13
  8616 | D:10     | 8616 ||| INVOKING Heroism.
  8736 | D:10     | 8736 ||| DRINKING 4 potions of curing.
  8736 | D:10     | 8736 ||| (to cure confusion)
  8794 | D:10     | Found a burning altar of Makhleb.
  9045 | D:10     | Found a glowing silver altar of Zin.
  9053 | D:10     | 9053 ||| DROPPING +1 pair of boots.
  9054 | D:10     | 9054 ||| DROPPING +1 pair of boots.
  9055 | D:10     | 9055 ||| DROPPING ring of wizardry.
  9056 | D:10     | 9056 ||| READING scroll labelled CEUMAG PETHU.
  9100 | D:11     | 9100 ||| READING scroll of enchant weapon.
  9100 | D:11     | 9100 ||| ENCHANTING +0 orcbow.
  9184 | D:11     | Reached skill level 6 in Invocations
  9204 | D:11     | 9204 ||| READING scroll of enchant weapon.
  9204 | D:11     | 9204 ||| ENCHANTING +1 orcbow.
  9249 | D:11     | 9249 ||| READING scroll of enchant armour.
  9249 | D:11     | 9249 ||| ENCHANTING +1 pair of gloves.
  9307 | D:11     | 9307 ||| INVOKING Heroism.
  9333 | D:11     | Reached skill level 6 in Dodging
  9388 | D:11     | Found a staircase to the Lair.
  9405 | D:11     | 9405 ||| INVOKING Heroism.
  9515 | D:11     | 9515 ||| INVOKING Heroism.
  9556 | D:11     | You fall into a shaft and drop 3 floors!
  9608 | D:14     | Noticed Azrael
  9609 | D:14     | 9609 ||| Stepping ~*~*~tactically~*~*~ (outnumbered).
  9610 | D:14     | Noticed a centaur warrior
  9611 | D:14     | 9611 ||| Stepping ~*~*~tactically~*~*~ (outnumbered).
  9614 | D:14     | 9614 ||| Stepping ~*~*~tactically~*~*~ (outnumbered).
  9618 | D:14     | 9618 ||| Stepping ~*~*~tactically~*~*~ (outnumbered).
  9619 | D:14     | 9619 ||| INVOKING Heroism.
  9633 | D:14     | HP: 14/99 [Azrael/+3 scimitar of flaming (17)]
  9634 | D:14     | 9634 ||| READING 2 scrolls of teleportation.
  9636 | D:14     | HP: 3/99 [centaur warrior (4)]
  9637 | D:14     | Killed a centaur warrior
  9637 | D:14     | Noticed a skeletal warrior
  9637 | D:14     | Noticed a skeletal warrior
  9638 | D:14     | Noticed a skeletal warrior
  9639 | D:14     | 9639 ||| READING scroll of teleportation.
  9640 | D:14     | Noticed a skeletal warrior
  9640 | D:14     | Mangled by a skeletal warrior

Levels and vault maps discovered:
D:1:      lemuel_arrival_broad_hall, layout_basic
D:2:      layout_loops_cross, basic_altar, chequers_big_river
D:3:      layout_rooms, serial_shops, shop, minmay_statues_item, feat_on_display
D:4:      layout_basic, mainiacjoe_overflow_six_doors_small, roderic_batcave,
          grunt_ministairs_9, eino_tiny_chamber
D:5:      layout_basic, serial_shops, nicolae_shop_rolling_square,
          gup_sewer_entry_glass
D:6:      layout_cave_pools, mainiacjoe_overflow_alcove_2,
          mainiacjoe_overflow_large_starburst, minmay_temple_entry_mist
D:7:      layout_loops_ring, nicolae_kite_square_tiling_tiny, abandoned_shop
D:8:      layout_basic, yredelemnul_altar_generic, st_stairs_11
D:9:      layout_basic, nicolae_shop_overcharged_wands, uniq_prince_ribbit1,
          uniq_grum
D:10:     layout_cave_pools, mainiacjoe_overflow_small_starburst,
          mainiacjoe_overflow_paths, kennysheep_mini_moat, orc_0_dummy
D:11:     layout_rooms, david_lair_shrubbed, lemuel_flamethrower_2
D:14:     layout_basic, okawaru_gym_becter, uniq_frances, uniq_roxanne,
          uniq_azrael
Temple:   eino_narrow_crystal_temple

Skill      XL: |  1  2  3  4  5  6  7  8  9 10 11 |
---------------+----------------------------------+-----
Ranged Weapons | 3 4 5 6 7 8 10 12 14 | 14.4
Fighting       | 2 3 4 5 7 9 10 | 10.0
Armour         | 1 2 3 4 5 |  5.1
Dodging        | 3 4 5 6 |  6.0
Invocations    | 5 7 |  7.0
Spellcasting   | |  1.0
Hexes          | |  2.0

Action                     |  1- 3 |  4- 6 |  7- 9 | 10-12 || total
---------------------------+-------+-------+-------+-------++-------
   Fire: Sling             |   127 |    36 |       |       ||   163
         Shortbow          |       |   181 |   441 |       ||   622
         Orcbow            |       |       |   128 |   558 ||   686
 Invoke: Heroism           |       |       |     5 |    12 ||    17
    Use: Scroll            |     4 |     7 |     5 |     9 ||    25
         Potion            |       |     2 |     2 |     1 ||     5
 Armour: Robe              |     2 |       |       |       ||     2
         Ring mail         |       |    79 |   245 |   129 ||   453
  Dodge: Dodged            |    38 |   100 |   249 |   386 ||   773

Table legend:
 A = Non-vault XP
 B = Vault XP
 C = Vault XP percentage of total XP
 D = Non-vault monster count
 E = Vault monster count
 F = Vault count percentage of total count
                 A         B        C        D         E       F
            +---------+---------+-------+---------+---------+-------
      Total |   14133 |    2357 |  14.3 |     234 |      36 |  13.3
            +---------+---------+-------+---------+---------+-------
        D:1 |      66 |       0 |   0.0 |      30 |       0 |   0.0
        D:2 |      47 |       0 |   0.0 |      22 |       0 |   0.0
        D:3 |      90 |       0 |   0.0 |      10 |       0 |   0.0
        D:4 |     372 |     134 |  26.5 |      25 |      12 |  32.4
        D:5 |     556 |      57 |   9.3 |      17 |       6 |  26.1
        D:6 |     864 |       0 |   0.0 |      19 |       0 |   0.0
        D:7 |     536 |       0 |   0.0 |      15 |       0 |   0.0
        D:8 |    1575 |     243 |  13.4 |      23 |       3 |  11.5
        D:9 |    2183 |     709 |  24.5 |      24 |       4 |  14.3
       D:10 |    5523 |       0 |   0.0 |      24 |       0 |   0.0
       D:11 |    1874 |     372 |  16.6 |      24 |       1 |   4.0
       D:14 |     447 |     697 |  60.9 |       1 |       4 |  80.0
      Sewer |       0 |     145 | 100.0 |       0 |       6 | 100.0
            +---------+---------+-------+---------+---------+-------
